[Event "Late-Titled-Tuesday-Blitz-January-30-2024"]
[Site "Chess.com"]
[Date "2024.01.30"]
[Round "11"]
[White "Njal28"]
[Black "josmito10"]
[Result "1-0"]
[WhiteElo "3041"]
[BlackElo "2847"]
[TimeControl "180+1"]
[EndTime "16:05:15 PST"]
[Termination "Njal28 won by resignation"]

1. d4 e6 2. c4 d5 3. Nc3 a6 4. Nf3 dxc4 5. e4 b5 6. a4 b4 7. Ne2 Bb7 8. Ng3 Nf6 9. Bg5 Be7 10. e5 Nd5 11. Bxe7 Qxe7 12. Bxc4 O-O 13. O-O Nd7 14. Rc1 c5 15. Ne4 cxd4 16. Qxd4 Rfd8 17. Rfd1 h6 18. Bf1 a5 19. Bb5 Rac8 20. Rxc8 Rxc8 21. Nd6 Rc7 22. Nxb7 Rxb7 23. Bc6 Rc7 24. Bxd5 exd5 25. Qxd5 Rc5 26. Qa8+ Kh7 27. Qa7 Qe6 28. h3 Rd5 29. Rxd5 Qxd5 30.
Qc7 Nf8 31. Qd6 Qb3 32. Qxf8 Qxb2 33. Qxf7 b3 34. e6 Qb1+ 35. Kh2 b2 36. Ng5+ hxg5 37. Qh5+ Kg8 38. e7 g6 39. e8=Q+ 1-0

[Event "Late-Titled-Tuesday-Blitz-January-30-2024"]
[Site "Chess.com"]
[Date "2024.01.30"]
[Round "11"]
[White "Fjal"]
[Black "SEBAZZANO"]
[Result "1-0"]
[WhiteElo "2170"]
[BlackElo "2210"]
[TimeControl "180+1"]
[EndTime "16:05:15 PST"]
[Termination "Fjal won on time"]

1. g3 Nf6 2. Bg2 g6 3. Nf3 Bg7 4. O-O O-O 5. d3 d5 6. c4 c6 7. Nc3 d4 8. Nb1 c5 9. e4 Nc6 10. Na3 e5 11. Ne1 Nh5 12. f4 exf4 13. gxf4 f5 14.
e5 Be6 15. Nac2 Rc8 16. a3 a5 17. Nf3 Bh6 18. Ng5 Bxg5 19. fxg5 Nxe5 20. Re1 Qd6 21. Qe2 Bxc4 22. dxc4 Ng4 23. Qe6+ Qxe6 24. Rxe6 Rfe8 25. Bd5 Kg7 26. Bd2 Rxe6 27. Bxe6 Re8 28. Bd5 Re2 29. Rd1 Nxh2 30. Ne1 Ng4 31. Nf3 Ng3 32. Bf4 Nh5 33.
Bd6 b6 34. Re1 Rxe1+ 35. Nxe1 Ne3 36. Nf3 Nd1 37. Be5+ Kf8 38. Bd6+ Kg7 39. b3 Ne3 40. Bc7 Nc2 41. a4 d3 42. Bxb6 1-0

[Event "Late-Titled-Tuesday-Blitz-January-30-2024"]
[Site "Chess.com"]
[Date "2024.01.30"]
[Round "11"]
[White "Byniolus"]
[Black "ChristopherYoo"]
[Result "0-1"]
[WhiteElo "2840"]
[BlackElo "2941"]
[TimeControl "180+1"]
[EndTime "16:05:18 PST"]
[Termination "ChristopherYoo won on time"]

1. d4 d5 2. Nf3 Nf6 3. Bf4 Bf5 4. e3 e6 5. Bd3 Ne4 6. h3 Bd6 7.
Bxd6 cxd6 8. O-O O-O 9. Nbd2 Nc6 10. a3 Rc8 11. Qe2 e5 12. c3 Re8 13. Bxe4 dxe4 14. Nh2 exd4 15. cxd4 Qb6 16. b4 Ne7 17. Rfc1 Nd5 18.
Nc4 Qa6 19. Qf1 Bd7 20. Nd2 Bb5 21. Qd1 Nc3 22. Rxc3 Rxc3 23. Qg4 Rxa3 24. Rxa3 Qxa3 25. Nhf1 Bxf1 26. Nxf1 Qxb4 27. Ng3 Qe1+ 28. Kh2 Qxf2 29. Nf5 g6 30. Nxd6 Re6 31. Nxb7 h5 32. Qg5 h4 33. d5 Qg3+ 34. Qxg3 hxg3+ 35. Kxg3 Re7 36. Nc5 Re5 37. Nd7 Rf5 38. d6 Kg7 39. Nb8 Rd5 40. d7 a5 41.
Nc6 Rxd7 42. Nxa5 f5 43. Nc4 Kf6 44. h4 Rc7 45. Nd2 Rc2 46. Nf1 Ke5 47. h5 gxh5 48.
Kh3 Rc1 49. Ng3 Re1 50. Nxh5 Rh1+ 0-1

[Event "Late-Titled-Tuesday-Blitz-January-30-2024"]
[Site "Chess.com"]
[Date "2024.01.30"]
[Round "11"]
[White "ATM622"]
[Black "SuanFernandes"]
[Result "1-0"]
[WhiteElo "2454"]
[BlackElo "2330"]
[TimeControl "180+1"]
[EndTime "16:05:21 PST"]
[Termination "ATM622 won by resignation"]

1. d4 d5 2. c4 e6 3. Nf3 Nf6 4. g3 dxc4 5. Bg2 c5 6. O-O Nc6 7. Qa4 Bd7 8. Qxc4 b5 9. Qd3 c4 10. Qd1 Rc8 11. a4 a6 12. Re1 Be7 13. e4 Nb4 14.
Ne5 O-O 15. axb5 axb5 16. Nc3 h6 17. Bf4 Be8 18. Ra7 Nd7 19. Nxd7 Bxd7 20. d5 Bc5 21. Rb7 Nd3 22. Re2 exd5 23. Nxd5 Bc6 24. Rc7 Bxd5 25. Rxc8 Qxc8 26. exd5 Re8 27. Be3 Bxe3 28. fxe3 Qc5 29. Qd2 b4 30. Kh1 Ne5 31. Qd4 Qa5 32. h3 c3 33. bxc3 bxc3 34. Rc2 Qa1+ 35. Kh2 Qe1 36. Qxc3 Qa1 37. Qxa1 1-0

[Event "Late-Titled-Tuesday-Blitz-January-30-2024"]
[Site "Chess.com"]
[Date "2024.01.30"]
[Round "11"]
[White "Bala-Afiada"]
[Black "finec2"]
[Result "0-1"]
[WhiteElo "2021"]
[BlackElo "2197"]
[TimeControl "180+1"]
[EndTime "16:05:21 PST"]
[Termination "finec2 won by resignation"]

1. d4 Nf6 2. c4 g6 3. Nc3 Bg7 4.
e4 d6 5. Nf3 O-O 6. Be2 Nbd7 7.
Be3 e5 8. d5 Nc5 9. Qc2 a5 10.
h4 Bg4 11. Nd2 Bxe2 12. Nxe2 h5 13. f3 a4 14. Kf2 Nfd7 15. g4 hxg4 16. fxg4 f5 17.
gxf5 gxf5 18. Rag1 f4 19. Bxc5 Nxc5 20. Nf3 Kh8 21.
Rg4 Bf6 22. Rhg1 Qe7 23. R1g2 Rg8 24. Nc3 Qd7 25. h5 Rxg4 26. Rxg4 Qxg4 27. Qd1 Qg3+ 28. Ke2 Qg2+ 29. Ke1 Qh1+ 30. Kd2 Qxd1+ 31. Nxd1 Nxe4+ 32. Kd3 Nc5+ 33. Kc3 Rg8 34. Kb4 Rg2 35. h6 e4 36.
Ne1 Rg1 0-1

[Event "Late-Titled-Tuesday-Blitz-January-30-2024"]
[Site "Chess.com"]
[Date "2024.01.30"]
[Round "11"]
[White "annasargsyan_m"]
[Black "GaiozNigalidze"]
[Result "0-1"]
[WhiteElo "2542"]
[BlackElo "2699"]
[TimeControl "180+1"]
[EndTime "16:05:22 PST"]
[Termination "GaiozNigalidze won on time"]

1. d4 Nf6 2. c4 g6 3. g3 Bg7 4.
Bg2 O-O 5. Nc3 d6 6. Nf3 Nc6 7.
O-O a6 8. e4 Bg4 9. Be3 Nd7 10.
Ne2 e5 11. d5 Ne7 12. Qd2 a5 13. Bh6 Nc5 14. Bxg7 Kxg7 15. Nc3 Bxf3 16. Bxf3 f5 17. Rae1 f4 18. Kg2 Qd7 19. h4 h5 20. b3 Rf6 21. Qd1 Raf8 22. Kh2 Ng8 23. g4 hxg4 24. Bxg4 Qe7 25. f3 R6f7 26. Kh3 Nf6 27. Rg1 Rh8 28.
Bf5 Rh6 29. Rxg6+ Rxg6 30. Rg1 Rg3+ 31. Rxg3+ fxg3 32. Qg1 Nh5 33. Nb5 Nf4+ 34. Kg4 Kh8 0-1

[Event "Late-Titled-Tuesday-Blitz-January-30-2024"]
[Site "Chess.com"]
[Date "2024.01.30"]
[Round "11"]
[White "Seochesspie"]
[Black "TigrVShlyape"]
[Result "0-1"]
[WhiteElo "2862"]
[BlackElo "2968"]
[TimeControl "180+1"]
[EndTime "16:05:25 PST"]
[Termination "TigrVShlyape won by resignation"]

1. e4 g6 2. d4 Bg7 3. Nf3 d6 4. Be2 Nf6 5. Nc3 O-O 6. O-O Nc6 7. d5 Nb8 8. h3 e6 9. dxe6 Bxe6 10. Nd4 Bd7 11.
Re1 Re8 12. Bd3 Nc6 13. Nxc6 Bxc6 14. Bg5 h6 15. Bh4 Qe7 16. Qd2 Qf8 17. f3 a6 18.
Bf2 Nd7 19. Rab1 Ne5 20. Bf1 g5 21. Nd5 Bxd5 22. Qxd5 b6 23. b4 Ng6 24. c4 Be5 25. c5 dxc5 26. bxc5 b5 27. Red1 Qe7 28. Qd7 Qf6 29.
Qf5 Rad8 30. Qxf6 Bxf6 31. g3 Be5 32. Kg2 h5 33. Be2 h4 34. gxh4 Nxh4+ 35. Bxh4 gxh4 36. c6 Rxd1 37. Rxd1 Re6 38. Rc1 Rd6 39. Kf2 Rd2 40. a3 Bd4+ 41. Ke1 Ra2 42. Rd1 Be5 43. Rd5 Bg3+ 44. Kd1 Rxa3 45. e5 Rc3 0-1

[Event "Late-Titled-Tuesday-Blitz-January-30-2024"]
[Site "Chess.com"]
[Date "2024.01.30"]
[Round "11"]
[White "karinachess1"]
[Black "PapaieDudu"]
[Result "1-0"]
[WhiteElo "2601"]
[BlackElo "2405"]
[TimeControl "180+1"]
[EndTime "16:05:25 PST"]
[Termination "karinachess1 won by resignation"]

1. c4 e6 2. Nf3 d5 3. e3 Nf6 4.
Nc3 a6 5. Qc2 dxc4 6. Bxc4 b5 7.
Be2 c5 8. d4 Nbd7 9. O-O Bb7 10. Rd1 Be7 11. dxc5 Bxc5 12. Ne5 Qb6 13. Nxd7 Nxd7 14.
Ne4 Be7 15. a4 Rc8 16. Qd2 Ne5 17. Nd6+ Bxd6 18. Qxd6 Qxd6 19. Rxd6 Rc2 20. Bf1 bxa4 21.
Rb6 Bc8 22. f4 Nd7 23. Rb4 Nc5 24. Rc4 Rxc4 25. Bxc4 Bd7 26. Bd2 O-O 27. Bb4 Rc8 28. Rd1 Be8 29. Be2 h6 30. Rc1 Rb8 31. Bxc5 Rxb2 32.
Bxa6 Kh7 33. Bd4 Ra2 34. Bd3+ f5 35. Rc7 e5 36. Bxe5 Re2 37. Rxg7+ Kh8 1-0

[Event "Late-Titled-Tuesday-Blitz-January-30-2024"]
[Site "Chess.com"]
[Date "2024.01.30"]
[Round "11"]
[White "JCVanDamme10"]
[Black "Eloist"]
[Result "0-1"]
[WhiteElo "2309"]
[BlackElo "2434"]
[TimeControl "180+1"]
[EndTime "16:05:32 PST"]
[Termination "Eloist won on time"]

1. e4 e6 2. d4 d5 3. e5 c5 4. c3 Qb6 5. Nf3 Bd7 6. Be2 cxd4 7. cxd4 Bb5 8. Bxb5+ Qxb5 9. Nc3 Qa6 10. Qe2 Qxe2+ 11.
Kxe2 Nc6 12. Be3 f6 13. exf6 gxf6 14. Rac1 Bd6 15. Nb5 Bb8 16. g4 Nge7 17. g5 Rf8 18. gxf6 Rxf6 19. Ne5 a6 20. Nxc6 Nxc6 21. Nc3 Ba7 22.
Rhg1 Kf7 23. Na4 Rg6 24. Rgd1 Rg2 25. h3 Rag8 26. Nc5 e5 27. Nxb7 Nxd4+ 28. Bxd4 Bxd4 29. Rc7+ Ke6 30. Rxd4 exd4 31. Rxh7 Rf8 32. Rh6+ Ke5 33. Rh5+ Rf5 34. Rxf5+ Kxf5 35. Nc5 a5 36. Nb3 d3+ 37. Kxd3 Rxf2 38. Nxa5 Rxb2 39. Nc6 Rxa2 40. Nb4 Ra3+ 41. Kd4 Ra4 42. Kc5 Ke4 0-1

[Event "Late-Titled-Tuesday-Blitz-January-30-2024"]
[Site "Chess.com"]
[Date "2024.01.30"]
[Round "11"]
[White "Anar_Aliakbarov"]
[Black "N_Mullodzhanov"]
[Result "1-0"]
[WhiteElo "2635"]
[BlackElo "2451"]
[TimeControl "180+1"]
[EndTime "16:05:33 PST"]
[Termination "Anar_Aliakbarov won by checkmate"]

1. d4 Nf6 2. c4 g6 3. Nc3 Bg7 4. e4 d6 5. Nf3 O-O 6. Be2 e5 7. O-O Nc6 8. d5 Ne7 9. Ne1 Nd7 10. Nd3 f5 11. Bd2 a5 12. a3 b6 13.
b4 axb4 14. axb4 Bb7 15. Qc2 Nf6 16. f3 Qd7 17. Nf2 f4 18. c5 bxc5 19. bxc5 Rxa1 20. Rxa1 Ra8 21. Rxa8+ Bxa8 22. c6 Qd8 23. Qa4 g5 24. Nb5 h5 25. Nxc7 Bxc6 26. dxc6 Qxc7 27. Bb5 Ne8 28. Ba5 Qc8 29. Qc4+ Kf8 30. c7 d5 31. Qc5 d4 32. Nd3 Qa8 33. Bxe8 Kxe8 34. Nxe5 Bxe5 35. Qxe5 Qc6 36. h4 d3 37. Bb4 Qb6+ 38. Kh2 Qxb4 39. c8=Q+ Kf7 40. Qce6+ Kf8 41. Qh8+ Ng8 42. Qhxg8# 1-0

[Event "Late-Titled-Tuesday-Blitz-January-30-2024"]
[Site "Chess.com"]
[Date "2024.01.30"]
[Round "11"]
[White "PNEPaul"]
[Black "BestestBP"]
[Result "0-1"]
[WhiteElo "1874"]
[BlackElo "2260"]
[TimeControl "180+1"]
[EndTime "16:05:34 PST"]
[Termination "BestestBP won by checkmate"]

1. e4 e5 2. Nf3 Nc6 3. Bc4 Nf6 4. d4 exd4 5. O-O Nxe4 6. Re1 d5 7. Bxd5 Qxd5 8. Nc3 Qd7 9. Nxe4 Be7 10. Bg5 O-O 11.
Bxe7 Qxe7 12. Nxd4 Nxd4 13. Qxd4 b6 14. Ng3 Qg5 15. f4 Qg6 16. c3 c5 17. Qe4 Qxe4 18. Rxe4 Be6 19. b3 Rad8 20. c4 Rd2 21. f5 Bd7 22. f6 g6 23. Re2 Rd4 24. Rae1 h5 25. Ne4 Bf5 26. Ng5 Rg4 27. Nf3 Be6 28. h3 Rf4 29. Ng5 Bd7 30. Re7 Bc6 31. Rxa7 Rxf6 32. Ree7 Rf5 33. Ne4 Rd8 34. Kh2 Rd1 35. Ng3 Rf2 36.
Rec7 Rxg2# 0-1

[Event "Late-Titled-Tuesday-Blitz-January-30-2024"]
[Site "Chess.com"]
[Date "2024.01.30"]
[Round "11"]
[White "JaackCamel"]
[Black "rikchessmx"]
[Result "0-1"]
[WhiteElo "2154"]
[BlackElo "2317"]
[TimeControl "180+1"]
[EndTime "16:05:35 PST"]
[Termination "rikchessmx won on time"]

1. d4 Nf6 2. c4 e6 3. Nc3 d5 4.
cxd5 exd5 5. Bg5 Nbd7 6. e3 Be7 7. Bd3 O-O 8. Qc2 c6 9. Nge2 Re8 10. O-O g6 11. h3 Nh5 12. Bxe7 Qxe7 13. Rad1 f5 14. g3 Ndf6 15. Nf4 Ng7 16. Nce2 Ne4 17. Ng2 a5 18.
Nef4 g5 19. Ne2 Rf8 20. f3 Nd6 21. h4 h6 22. Qc1 Bd7 23. Rde1 Rae8 24. f4 Nf7 25.
Qc2 g4 26. Nc1 Nd6 27. Nb3 b6 28. Qb1 Nh5 29. Kh2 Ne4 30. Bxe4 fxe4 31. Qc2 Kh8 32. Qf2 Ng7 33. Rc1 Nf5 34. Rfd1 Rc8 35. Nd2 Be6 36.
Nf1 c5 37. dxc5 bxc5 38. b3 Rfd8 39. Qb2+ Qg7 40. Qa3 Qc7 41. Qb2+ Kh7 42. Qf6 Qe7 43.
Qe5 Re8 44. Qc3 d4 45. Qxa5 d3 46. Qc3 c4 47. bxc4 Rxc4 48. Qe5 Rxc1 49. Rxc1 Rc8 50. Rxc8 Bxc8 51. Qc3 Qd7 0-1

[Event "Late-Titled-Tuesday-Blitz-January-30-2024"]
[Site "Chess.com"]
[Date "2024.01.30"]
[Round "11"]
[White "Nemsko"]
[Black "SnekkerAndersen"]
[Result "0-1"]
[WhiteElo "2413"]
[BlackElo "2644"]
[TimeControl "180+1"]
[EndTime "16:05:40 PST"]
[Termination "SnekkerAndersen won by resignation"]

1. e4 a6 2. d4 h6 3. Nc3 e6 4. Be3 d6 5. Qd2 Nc6 6. O-O-O Bd7 7. f4 Nce7 8. Nf3 g6 9. g4 Bg7 10. h4 h5 11. gxh5 Rxh5 12. Be2 Nf6 13. Ng5 Rh8 14. Bf3 d5 15. Qg2 dxe4 16. Ncxe4 Nxe4 17. Bxe4 Bc6 18. Bxc6+ Nxc6 19. h5 Qf6 20. Ne4 Qf5 21.
hxg6 fxg6 22. Nc5 O-O-O 23. c3 Bf6 24. Rhg1 Rh3 25. Bd2 Bxd4 26. cxd4 Rxd4 27. Bc3 Rc4 28. Nb3 Nb4 29. Rd8+ Kxd8 30. Qg5+ Kc8 31. Qxf5 gxf5 32.
a3 Na2+ 33. Kd2 Nxc3 34. bxc3 Rhxc3 35. Rg8+ Kd7 36. Rg7+ Kd6 37. Nd4 Rxd4+ 38. Kxc3 Rxf4 39. Rg8 Rf3+ 40. Kb2 f4 41. Rd8+ Kc6 42. Re8 Re3 43.
Rf8 e5 44. Rf6+ Kc5 0-1

[Event "Late-Titled-Tuesday-Blitz-January-30-2024"]
[Site "Chess.com"]
[Date "2024.01.30"]
[Round "11"]
[White "cthulhuuu"]
[Black "StellarChess"]
[Result "1-0"]
[WhiteElo "2429"]
[BlackElo "2535"]
[TimeControl "180+1"]
[EndTime "16:05:40 PST"]
[Termination "cthulhuuu won by checkmate"]

1. e4 g6 2. d4 Bg7 3. Nc3 d6 4. f4 Nf6 5. Nf3 O-O 6. e5 dxe5 7. dxe5 Qxd1+ 8. Nxd1 Nd5 9. c4 Nb4 10. Ne3 Rd8 11. Bd2 Nd3+ 12. Bxd3 Rxd3 13. Ke2 Rd8 14. Nd5 Be6 15. Nxc7 Bxc4+ 16. Kf2 Nc6 17. Nxa8 Rxa8 18. b3 Bd5 19. Bc3 e6 20. Nd4 a6 21. Nxc6 Bxc6 22. Bd4 Bf8 23. Bb6 Ba3 24. Rhd1 Bd5 25. Rab1 Rc8 26.
Rxd5 exd5 27. Rd1 Rc2+ 28. Kf3 Rxa2 29. Rxd5 Rb2 30. Rd8+ Kg7 31. Bd4 Rxb3+ 32. Ke4 Kh6 33. Rd7 Rb4 34. Rxf7 Bb2 35. Rd7 a5 36. g4 a4 37. g5+ Kh5 38. e6 a3 39. e7 Rxd4+ 40.
Rxd4 Bxd4 41. e8=Q a2 42. Qe6 Kh4 43. Kf3 a1=Q 44. Qg4# 1-0

[Event "Late-Titled-Tuesday-Blitz-January-30-2024"]
[Site "Chess.com"]
[Date "2024.01.30"]
[Round "11"]
[White "rcmz"]
[Black "Orest_Vovk"]
[Result "0-1"]
[WhiteElo "2173"]
[BlackElo "2497"]
[TimeControl "180+1"]
[EndTime "16:05:41 PST"]
[Termination "Orest_Vovk won on time"]

1. b4 g5 2. Bb2 Nf6 3. e3 Bg7 4. h3 Nh5 5. d4 Nf6 6. Bd3 d5 7.
Nf3 g4 8. hxg4 Bxg4 9. Nbd2 h5 10.
Qc1 Nc6 11. a3 Qd6 12. c4 O-O-O 13. c5 Qd7 14. b5 Na5 15. Ne5 Qe6 16. Qc3 b6 17.
Rc1 Ne8 18. cxb6 axb6 19. Nc6 Nxc6 20. bxc6 Rd6 21. Nf1 Kd8 22. a4 Qc8 23. Ba3 Rf6 24. a5 bxa5 25. Qxa5 e6 26. Rb1 Bf8 27. Rb7 Bxa3 28.
Qxa3 Nd6 29. Ra7 Bf5 30. Bxf5 Rxf5 31. Ra8 Ke7 32. Rxc8 Rxc8 33. Nd2 Rb8 34. O-O h4 35.
Nf3 h3 36. Ne5 hxg2 37. Re1 f6 38. Nd7 Rh8 0-1

[Event "Late-Titled-Tuesday-Blitz-January-30-2024"]
[Site "Chess.com"]
[Date "2024.01.30"]
[Round "11"]
[White "subham777"]
[Black "jsdbv18"]
[Result "0-1"]
[WhiteElo "2495"]
[BlackElo "2622"]
[TimeControl "180+1"]
[EndTime "16:05:42 PST"]
[Termination "jsdbv18 won by checkmate"]

1. e4 c5 2. Nf3 d6 3. d4 cxd4 4. Qxd4 Nc6 5. Bb5 a6 6. Bxc6+ bxc6 7. c4 e5 8. Qd3 Be7 9. Nc3 Nf6 10. O-O Qc7 11. h3 O-O 12. b3 h6 13. Be3 Be6 14. Rfd1 Nd7 15. Rac1 Qb7 16. Na4 f5 17. exf5 Bxf5 18.
Qe2 Rf7 19. Bd2 Raf8 20. Nh2 Bh4 21. Be3 Qc7 22. c5 d5 23. Nf3 Be7 24. Nh2 Qb7 25. f3 Be6 26. Bf2 e4 27. Bd4 Bf5 28. fxe4 Bxe4 29.
Rf1 Qb4 30. Bc3 Rxf1+ 31. Rxf1 Bxc5+ 32. Kh1 Rxf1+ 33. Qxf1 Qb5 34. Qf4 Qd3 35. Nxc5 Nxc5 36.
Be5 Ne6 37. Qf2 Qxh3 38. Qe2 Ng5 39. Kg1 Qf5 40. Bd4 Ne6 41. Bf2 d4 42. Qxa6 Qg5 43. g4 Qd5 44. Qc8+ Kh7 45. Nf1 Nf4 46. Ng3 Bg6 47. Nf5 Qg2# 0-1

[Event "Late-Titled-Tuesday-Blitz-January-30-2024"]
[Site "Chess.com"]
[Date "2024.01.30"]
[Round "11"]
[White "lupta_robin"]
[Black "TanitoluwaAps116"]
[Result "0-1"]
[WhiteElo "2564"]
[BlackElo "2746"]
[TimeControl "180+1"]
[EndTime "16:05:43 PST"]
[Termination "TanitoluwaAps116 won by resignation"]

1. d4 Nf6 2. c4 e6 3. Nc3 Bb4 4. Nf3 O-O 5. e3 b6 6. Bd3 Bb7 7. O-O d5 8. cxd5 exd5 9. Ne5 Nbd7 10. f4 Bxc3 11. bxc3 Ne4 12. c4 dxc4 13. Bxc4 Ndf6 14. Ba3 Nd6 15. Bd3 Re8 16. Rc1 Bd5 17. Qc2 c6 18.
Nxc6 Bxc6 19. Qxc6 Rxe3 20. Bxh7+ Kxh7 21. Bxd6 Ne4 22. Be5 f6 23. Rfe1 Rc8 24. Rxe3 Rxc6 25. Rxc6 fxe5 26. Rxe4 Qd5 27. Re2 Qxc6 28. fxe5 Kg8 29.
e6 Kf8 30. e7+ Ke8 31. Kf2 Qd5 32. Rd2 Kxe7 33. Ke3 a5 34. Kd3 b5 35. Re2+ Kd7 36. Rc2 a4 37. Rd2 b4 38. Ke3 b3 39. axb3 Qxb3+ 40. Rd3 Qb2 41. Rd2 a3 0-1

[Event "Late-Titled-Tuesday-Blitz-January-30-2024"]
[Site "Chess.com"]
[Date "2024.01.30"]
[Round "11"]
[White "Hirna2005"]
[Black "tarno17"]
[Result "1-0"]
[WhiteElo "2292"]
[BlackElo "2111"]
[TimeControl "180+1"]
[EndTime "16:05:44 PST"]
[Termination "Hirna2005 won on time"]

1. e4 c5 2. c3 d5 3. exd5 Qxd5 4. Nf3 Nf6 5. Na3 e6 6. Bc4 Qd8 7. O-O a6 8. d4 b5 9. Bd3 c4 10. Be2 Bb7 11. Nc2 Bd6 12. a4 Nc6 13. Bg5 h6 14.
Bh4 Ne7 15. Ne5 Qc7 16. Re1 g5 17. Bg3 h5 18. h4 gxh4 19. Bxh4 Ng4 20. Bf3 Nf5 21.
Bg3 Nxg3 22. fxg3 Nxe5 23. dxe5 Bc5+ 24. Nd4 b4 25. Qe2 bxc3 26. bxc3 Rd8 27. Bxb7 Qxb7 28.
Qxc4 Bxd4+ 29. cxd4 Rg8 30. Ra3 Qb2 31. Rf3 h4 32. Qc6+ Ke7 33. Ref1 Rg7 34. Rxf7+ Rxf7 35. Qc7+ Rd7 36. Rxf7+ Kxf7 37. Qxd7+ Kg6 38. Qxe6+ Kg7 39. Qf6+ Kg8 40. gxh4 Qxd4+ 41. Kh2 Qd1 42. Qg5+ Kf7 43. Qf5+ Ke7 44. e6 Qd2 45. Qf7+ Kd6 46. Qd7+ Ke5 47. Qxd2 1-0

[Event "Late-Titled-Tuesday-Blitz-January-30-2024"]
[Site "Chess.com"]
[Date "2024.01.30"]
[Round "11"]
[White "AradNazari"]
[Black "temus_galaktionov"]
[Result "0-1"]
[WhiteElo "2714"]
[BlackElo "2880"]
[TimeControl "180+1"]
[EndTime "16:05:45 PST"]
[Termination "temus_galaktionov won by resignation"]

1. e4 c6 2. Nf3 g6 3. d4 Bg7 4.
Nc3 d6 5. Be3 Nd7 6. Qd2 b5 7. a3 Ngf6 8. h3 O-O 9. e5 Ne8 10. Bf4 dxe5 11. dxe5 Nc7 12. Bh6 Ne6 13. Bxg7 Kxg7 14. h4 h5 15. O-O-O a5 16. Ne4 b4 17. a4 Qc7 18. Neg5 Nxe5 19. Nxe6+ Bxe6 20. Qd4 f6 21. Re1 Rad8 22. Qe3 Rd5 23. Nd4 Bf7 24. Be2 Rfd8 25.
Nb3 c5 26. f4 c4 27. fxe5 Rxe5 28. Qf2 cxb3 29. Bf3 bxc2 30. Rxe5 Qxe5 31. Re1 Qf4+ 32.
Qe3 Qxe3+ 33. Rxe3 e5 34. Kxc2 Rd4 35. g3 Kf8 36.
Be2 Ke7 37. Bb5 Kd6 38. Rf3 f5 39. Rf2 e4 40. Kc1 Bb3 41. Rd2 Ke5 42. Be8 e3 43. Rxd4 Kxd4 44. Bxg6 Ke4 45. Bxh5 Bxa4 46. Be2 Bb3 47.
h5 Ke5 48. h6 Kf6 49. Bh5 a4 50. g4 fxg4 51. Bxg4 Kg6 52. Bd1 Bxd1 53. Kxd1 a3 0-1

[Event "Late-Titled-Tuesday-Blitz-January-30-2024"]
[Site "Chess.com"]
[Date "2024.01.30"]
[Round "11"]
[White "Bryanl106"]
[Black "Nick12772"]
[Result "1-0"]
[WhiteElo "2544"]
[BlackElo "2386"]
[TimeControl "180+1"]
[EndTime "16:05:47 PST"]
[Termination "Bryanl106 won by resignation"]

1. e4 e6 2. d4 d5 3. Nd2 Nf6 4.
e5 Nfd7 5. f4 c5 6. c3 Nc6 7. Ndf3 Qb6 8. a3 a5 9. b3 Be7 10. h4 h5 11. Be3 g6 12. Bd3 Qa7 13.
Ne2 b6 14. Qc2 Nf8 15. Bb5 Bd7 16. Qd3 Bd8 17. Kf2 Ne7 18. Bxd7+ Nxd7 19. Ng3 Qa6 20. Qxa6 Rxa6 21. dxc5 Nxc5 22. b4 Na4 23. Rhc1 O-O 24. Nd4 Nb2 25. Nf1 Nc4 26. Nd2 Nxd2 27. Bxd2 Bc7 28.
b5 Ra7 29. c4 dxc4 30. Rxc4 Nd5 31. Rac1 Bd8 32. Nc6 Rd7 33. Ke2 Be7 34. a4 Bc5 35.
Nxa5 Be7 36. Nc6 Bxh4 37. f5 exf5 38. Rxh4 Re8 39. Kf2 Ne7 40. Rd4 Rc7 41. Bg5 Nxc6 42. Rxc6 Ra7 43. Rd8 Rxd8 44. Bxd8 Rxa4 45. Bf6 Kh7 46.
Rc8 g5 47. Rh8+ Kg6 48. Rg8+ Kh7 49. Rg7+ Kh6 50. Rxf7 f4 51. Rb7 Kg6 52. Rxb6 Kf5 53. Rb8 g4 54. Bh4 Ra2+ 55. Kf1 Ra1+ 56. Be1 f3 57. gxf3 gxf3 58. Rh8 Kxe5 59. Rxh5+ Ke4 60. Kf2 Ra2+ 61. Kg3 Rg2+ 62. Kh3 Rb2 63. Bg3 f2 64. Kg2 Kd4 65. Be5+ Kc4 66. Bxb2 1-0

[Event "Late-Titled-Tuesday-Blitz-January-30-2024"]
[Site "Chess.com"]
[Date "2024.01.30"]
[Round "11"]
[White "Adar_07"]
[Black "Msb2"]
[Result "0-1"]
[WhiteElo "2717"]
[BlackElo "2989"]
[TimeControl "180+1"]
[EndTime "16:05:48 PST"]
[Termination "Msb2 won on time"]

1. e4 e6 2. d4 d5 3. exd5 exd5 4. Nf3 Nc6 5. Bd3 Nb4 6. O-O Nxd3 7. Qxd3 Bd6 8. Nc3 c6 9. Ne2 Qc7 10. Ng3 Ne7 11.
Re1 O-O 12. Ng5 Ng6 13. c3 h6 14. Nf3 Bd7 15. Nf5 Rfe8 16. Bd2 Bf8 17. h4 Nf4 18.
Bxf4 Qxf4 19. Ng3 Bd6 20. h5 Bg4 21. Rxe8+ Rxe8 22. Re1 Rxe1+ 23. Nxe1 Bxh5 24. Nxh5 Qh2+ 25. Kf1 Qxh5 26. Qe3 Kf8 27. Qf3 Qxf3 28. Nxf3 g6 29. Ke2 Ke7 30. b3 Ke6 31. c4 dxc4 32. bxc4 h5 33. Kd3 Kf5 34. d5 cxd5 35. cxd5 g5 36. Nd4+ Ke5 37. Nf3+ Kf4 38. Nd4 h4 39. Nb5 Ke5 40.
Nxa7 g4 41. Ke2 Kxd5 42. Nb5 Be5 43. a4 Kc5 44. Ke3 Kb4 45. Ke4 Kxa4 46. Na7 Bb8 47. Nc8 b5 48. Nb6+ Ka3 49. Nd5 b4 50. Ne3 b3 51. Kd3 h3 52. gxh3 gxh3 0-1

[Event "Late-Titled-Tuesday-Blitz-January-30-2024"]
[Site "Chess.com"]
[Date "2024.01.30"]
[Round "11"]
[White "ansko1999"]
[Black "Sokoloco"]
[Result "0-1"]
[WhiteElo "2679"]
[BlackElo "2785"]
[TimeControl "180+1"]
[EndTime "16:05:50 PST"]
[Termination "Sokoloco won by checkmate"]

1. e4 d6 2. d4 g6 3. Nf3 Bg7 4.
Be2 Nf6 5. Nc3 e6 6. O-O h6 7.
Re1 O-O 8. h3 Qe7 9. Be3 e5 10.
dxe5 dxe5 11. Nd5 Nxd5 12. Qxd5 Rd8 13. Qb3 b6 14. Bc4 Bb7 15. Rad1 Nc6 16. Bd2 a5 17. a4 Nd4 18. Nxd4 Rxd4 19. Bd5 c6 20. Bc4 Rad8 21.
Bd3 c5 22. Bc3 c4 23. Qxb6 R4d6 24. Qxa5 cxd3 25. cxd3 Rxd3 26. Rxd3 Rxd3 27. Qb5 Qd7 28. Qb3 Bc6 29. a5 Qb7 30. Qc4 Rd7 31. b4 Qb5 32. Qb3 Rd3 33. Qc2 Qc4 34. Rc1 Bxe4 35. Be1 Qxc2 36.
Rxc2 Rd1 37. Re2 Bd3 38. Re3 e4 39. Kh2 Bd4 40. Rg3 Rxe1 41. f3 Be5 42. f4 Bxf4 43.
h4 Re3 44. h5 Bxg3+ 45. Kh3 Bc4 46. a6 Be6# 0-1

[Event "Late-Titled-Tuesday-Blitz-January-30-2024"]
[Site "Chess.com"]
[Date "2024.01.30"]
[Round "11"]
[White "ARTHURMOTIVATOR"]
[Black "GMRafpig"]
[Result "0-1"]
[WhiteElo "2353"]
[BlackElo "2726"]
[TimeControl "180+1"]
[EndTime "16:05:51 PST"]
[Termination "GMRafpig won on time"]

1. e4 c5 2. Nf3 Nc6 3. Bb5 d6 4. O-O Bd7 5. c3 Nf6 6. Re1 a6 7. Bf1 Bg4 8. h3 Bxf3 9. Qxf3 g6 10. Qd1 Bg7 11. d4 cxd4 12. cxd4 O-O 13. Nc3 e5 14. d5 Nd4 15. Be3 Nd7 16. Qd2 Rc8 17. Rad1 f5 18.
f4 Kh8 19. exf5 Nxf5 20. Bf2 Bh6 21. Ne4 exf4 22. Qb4 f3 23. Nxd6 fxg2 24. Bxg2 a5 25. Qa3 Rc2 26. Nxf5 Rxf5 27. Bd4+ Kg8 28. d6 Rxg2+ 29.
Kxg2 Bf4 30. Qb3+ Kf8 31. Re7 Bxd6 32. Bg7+ Kxe7 33. Re1+ Ne5 34. Bxe5 Rxe5 35. Qxb7+ Kf6 36. Rf1+ Rf5 37. Rxf5+ gxf5 38. Qd5 Qe7 39. Qd4+ Qe5 0-1

[Event "Late-Titled-Tuesday-Blitz-January-30-2024"]
[Site "Chess.com"]
[Date "2024.01.30"]
[Round "11"]
[White "dropstoneDP"]
[Black "dmitrijiIM"]
[Result "1/2-1/2"]
[WhiteElo "3055"]
[BlackElo "2912"]
[TimeControl "180+1"]
[EndTime "16:05:56 PST"]
[Termination "Game drawn by agreement"]

1. e4 e5 2. Nf3 Nc6 3. Bc4 Nf6 4. d3 Bc5 5. O-O d6 6. c3 a6 7. Bb3 Ba7 8. Be3 Bxe3 9. fxe3 O-O 10. h3 Be6 11.
Bc2 h6 12. d4 Bd7 13. Nbd2 Qe7 14. Qe1 Rae8 15. Qf2 Nh7 16. Rae1 Ng5 17. Qg3 Nxf3+ 18. Nxf3 Kh7 19. Kh2 g6 20. Rf2 Kg7 21. Ref1 Bc8 22. Bd3 Bd7 23. Bc2 Bc8 24. a3 Bd7 25. Bd3 Bc8 26. Bc2 Bd7 27. b4 Bc8 28. Bd3 Bd7 29. Bc2 Bc8 30. Bb3 Nd8 31. Bc2 Bd7 32. Bd3 Bb5 33. c4 Bd7 34. Kg1 Bc8 35. c5 Bd7 36. Kh2 Bb5 37. Bxb5 axb5 38. Rc1 exd4 39.
exd4 Qxe4 40. cxd6 cxd6 41. Qxd6 Re6 42. Qg3 Nc6 43.
Re1 Qd5 44. Rxe6 Qxe6 45. Rc2 Rd8 46. Rc5 Nxd4 47. Nxd4 Rxd4 48. Qe5+ Qxe5+ 49. Rxe5 Rd3 50. Rxb5 Rxa3 51. Rxb7 h5 52. b5 h4 53. Rc7 Rb3 54.
Rc4 Rxb5 55. Rxh4 Re5 56. Ra4 Re6 1/2-1/2